General information
- name: BNet
- type: Ladder team game (AT/RT)
- host: Battle.net
- saver: iggy_the_fisk
map: Dragonblight
- players: 6
- length: 15:17
- speed: Fast
- version: 1.21 W3XP
- replay type:

» download(95 KB)
Players
team 1 (winner)
bLinn (
orange | 104 APM | 1595 actions | 15:16)
2 Far Seer
1 Feral Spirit
1 Chain Lighting
1 Tauren Chieftain
1 Shockwave
» actions
| Assign group hotkey | 64 | |
| Basic commands | 3 | |
| Build / train | 46 | |
| ESC pressed | 2 | |
| Enter build submenu | 40 | |
| Enter hero's abilities submenu | 3 | |
| Remove unit from queue | 2 | |
| Right click | 943 | |
| Select / deselect | 254 | |
| Select group hotkey | 169 | |
| Use ability | 69 | |
1595 total
» units
» upgrades
| Spiked Barricades | 1 | |
| Ranged Weapons | 1 | |
2 total
» buildings
| Altar of Storms | 1 | |
| Orc Burrow | 4 | |
| War Mill | 1 | |
| Watch Tower | 25 | |
| Voodoo Lounge | 1 | |
| Stronghold | 5 | |
| Beastiary | 2 | |
| Great Hall | 1 | |
| Fortress | 2 | |
42 total
» build order
00:02 Altar of Storms
00:07 Orc Burrow
00:25 War Mill
02:03 Watch Tower
02:32 Orc Burrow
02:37 Watch Tower
02:58 Watch Tower
04:06 Watch Tower
04:09 Voodoo Lounge
04:10 Stronghold
04:10 Stronghold
04:10 Stronghold
04:11 Stronghold
05:33 Watch Tower
05:40 Watch Tower
05:56 Watch Tower
06:00 Orc Burrow
06:36 Beastiary
06:38 Beastiary
06:44 Watch Tower
07:25 Watch Tower
07:39 Watch Tower
07:48 Watch Tower
08:25 Orc Burrow
09:17 Watch Tower
09:18 Watch Tower
09:26 Watch Tower
09:36 Watch Tower
10:39 Watch Tower
10:40 Watch Tower
10:44 Great Hall
10:48 Watch Tower
12:09 Watch Tower
12:09 Watch Tower
12:10 Watch Tower
13:18 Watch Tower
13:20 Watch Tower
13:22 Watch Tower
13:29 Fortress
13:29 Fortress
14:42 Watch Tower
» items
| Scroll of Regeneration | 1 | |
| Healing Salve | 1 | |
| Lesser Clarity Potion | 1 | |
| Staff of Sanctuary | 2 | |
5 total
iggy_the_fisk (
teal | 111 APM | 1694 actions | 15:17)
2 Archmage
1 Blizzard
1 Brilliance Aura
1 Pandaren Brewmaster
1 Breath of Fire
» actions
| Assign group hotkey | 204 | |
| Basic commands | 5 | |
| Build / train | 61 | |
| Enter build submenu | 45 | |
| Enter hero's abilities submenu | 3 | |
| Give item / drop item | 1 | |
| Right click | 770 | |
| Select / deselect | 195 | |
| Select group hotkey | 306 | |
| Use ability | 104 | |
1694 total
» units
| Peasant | 18 | |
| Dragonhawk Rider | 2 | |
20 total
» upgrades
| Masonry | 3 | |
| Lumber Harvesting | 2 | |
| Magic Sentry | 1 | |
6 total
» buildings
| Altar of Kings | 1 | |
| Lumber Mill | 1 | |
| Farm | 4 | |
| Scout Tower | 34 | |
| Arcane Tower | 2 | |
| Guard Tower | 21 | |
| Keep | 1 | |
| Arcane Vault | 2 | |
| Castle | 1 | |
| Arcane Sanctum | 1 | |
| Town Hall | 1 | |
| Gryphon Aviary | 1 | |
70 total
» build order
00:21 Altar of Kings
00:23 Lumber Mill
00:29 Farm
01:05 Farm
01:41 Scout Tower
02:16 Arcane Tower
02:16 Arcane Tower
02:21 Farm
02:25 Scout Tower
02:50 Scout Tower
02:55 Guard Tower
03:08 Scout Tower
03:22 Guard Tower
03:23 Scout Tower
03:26 Scout Tower
03:45 Scout Tower
03:46 Guard Tower
03:49 Scout Tower
04:03 Guard Tower
04:04 Scout Tower
04:16 Scout Tower
04:17 Guard Tower
04:21 Scout Tower
04:23 Scout Tower
04:35 Guard Tower
05:07 Guard Tower
05:35 Keep
05:40 Guard Tower
05:42 Scout Tower
05:44 Scout Tower
05:59 Scout Tower
05:59 Scout Tower
06:10 Guard Tower
06:13 Scout Tower
06:15 Guard Tower
06:18 Arcane Vault
07:34 Guard Tower
07:37 Scout Tower
07:53 Guard Tower
08:28 Guard Tower
08:29 Scout Tower
08:32 Castle
08:34 Arcane Sanctum
09:04 Town Hall
09:42 Scout Tower
10:20 Guard Tower
10:21 Scout Tower
11:07 Scout Tower
11:08 Guard Tower
11:37 Guard Tower
12:07 Scout Tower
12:08 Scout Tower
12:14 Scout Tower
12:15 Scout Tower
12:39 Guard Tower
12:49 Gryphon Aviary
12:51 Farm
12:56 Guard Tower
13:33 Guard Tower
13:34 Scout Tower
13:41 Scout Tower
13:42 Scout Tower
14:15 Guard Tower
14:22 Scout Tower
14:23 Scout Tower
14:24 Scout Tower
14:25 Scout Tower
14:43 Guard Tower
14:48 Scout Tower
14:52 Arcane Vault
» items
| Healing Salve | 1 | |
| Scroll of Regeneration | 1 | |
| Staff of Sanctuary | 2 | |
| Scroll of Town Portal | 1 | |
5 total
TIMG4STRok (
green | 74 APM | 1132 actions | 15:16)
2 Beastmaster
1 Summon Quilbeast
1 Summon Hawk
1 Mountain King
1 Storm Bolt
» actions
| Assign group hotkey | 4 | |
| Basic commands | 12 | |
| Build / train | 58 | |
| ESC pressed | 1 | |
| Enter build submenu | 50 | |
| Enter hero's abilities submenu | 3 | |
| Give item / drop item | 1 | |
| Right click | 555 | |
| Select / deselect | 190 | |
| Select group hotkey | 158 | |
| Use ability | 100 | |
1132 total
» units
» upgrades
| Masonry | 3 | |
| Lumber Harvesting | 2 | |
5 total
» buildings
| Lumber Mill | 3 | |
| Farm | 3 | |
| Altar of Kings | 1 | |
| Scout Tower | 46 | |
| Arcane Tower | 2 | |
| Guard Tower | 21 | |
| Arcane Vault | 1 | |
| Keep | 1 | |
| Castle | 1 | |
| Town Hall | 1 | |
| Blacksmith | 1 | |
| Arcane Sanctum | 1 | |
| Workshop | 2 | |
84 total
» build order
00:13 Lumber Mill
00:16 Farm
00:42 Farm
01:06 Altar of Kings
01:10 Scout Tower
01:43 Arcane Tower
01:52 Scout Tower
02:12 Scout Tower
02:24 Guard Tower
02:28 Scout Tower
02:29 Scout Tower
02:59 Guard Tower
03:28 Guard Tower
03:31 Lumber Mill
03:57 Arcane Vault
04:02 Scout Tower
04:34 Guard Tower
04:37 Scout Tower
04:38 Scout Tower
05:16 Scout Tower
05:17 Scout Tower
05:18 Scout Tower
05:48 Scout Tower
05:49 Scout Tower
05:55 Scout Tower
05:56 Scout Tower
06:01 Keep
06:04 Scout Tower
06:05 Scout Tower
06:06 Scout Tower
06:06 Scout Tower
06:21 Guard Tower
06:36 Arcane Tower
06:45 Guard Tower
06:47 Scout Tower
06:48 Scout Tower
06:48 Scout Tower
07:47 Scout Tower
07:47 Scout Tower
07:48 Guard Tower
07:57 Scout Tower
08:05 Guard Tower
08:14 Guard Tower
08:16 Guard Tower
08:26 Castle
08:48 Farm
08:49 Guard Tower
08:51 Guard Tower
09:32 Scout Tower
10:30 Guard Tower
10:39 Scout Tower
10:40 Scout Tower
11:07 Scout Tower
11:13 Scout Tower
11:13 Scout Tower
11:18 Scout Tower
11:37 Guard Tower
11:38 Scout Tower
11:38 Scout Tower
11:41 Lumber Mill
11:57 Guard Tower
12:07 Guard Tower
12:07 Guard Tower
12:22 Scout Tower
12:23 Scout Tower
12:23 Scout Tower
12:24 Scout Tower
12:24 Scout Tower
13:13 Town Hall
13:31 Blacksmith
13:39 Guard Tower
13:43 Guard Tower
14:20 Guard Tower
14:21 Scout Tower
14:25 Arcane Sanctum
14:36 Scout Tower
14:37 Scout Tower
14:38 Scout Tower
14:38 Scout Tower
14:43 Scout Tower
14:44 Scout Tower
14:50 Workshop
14:51 Workshop
» items
| Healing Salve | 3 | |
| Lesser Clarity Potion | 3 | |
| Staff of Teleportation | 1 | |
| Boots of Speed | 1 | |
8 total
team 2 (loser)
CrimsonAng31 (
blue | 41 APM | 619 actions | 15:04)
2 Death Knight
1 Death Coil
1 Unholy Aura
» actions
| Assign group hotkey | 10 | |
| Basic commands | 36 | |
| Build / train | 39 | |
| Enter build submenu | 11 | |
| Enter hero's abilities submenu | 2 | |
| Right click | 395 | |
| Select / deselect | 100 | |
| Select group hotkey | 2 | |
| Use ability | 24 | |
619 total
» units
| Acolyte | 4 | |
| Ghoul | 2 | |
| Crypt Fiend | 9 | |
| Meatwagon | 11 | |
| Obsidian Statue | 3 | |
29 total
» buildings
| Crypt | 1 | |
| Graveyard | 1 | |
| Altar of Darkness | 1 | |
| Ziggurat | 6 | |
| Tomb of Relics | 1 | |
| Halls of the Dead | 1 | |
| Spirit Tower | 3 | |
| Nerubian Tower | 1 | |
| Slaughterhouse | 1 | |
16 total
» build order
00:48 Crypt
00:58 Graveyard
01:07 Altar of Darkness
01:11 Ziggurat
01:28 Tomb of Relics
02:02 Ziggurat
02:51 Ziggurat
03:01 Ziggurat
04:34 Halls of the Dead
05:00 Spirit Tower
05:02 Nerubian Tower
08:19 Slaughterhouse
08:48 Ziggurat
08:56 Ziggurat
10:20 Spirit Tower
10:22 Spirit Tower
» items

»
Holy.Redemption (
purple | 45 APM | 691 actions | 15:15)
2 Keeper of the Grove
1 Entangling Roots
1 Thorns Aura
1 Priestess of the Moon
1 Searing Arrows
» actions
| Assign group hotkey | 20 | |
| Basic commands | 47 | |
| Build / train | 37 | |
| ESC pressed | 1 | |
| Enter build submenu | 25 | |
| Enter hero's abilities submenu | 3 | |
| Remove unit from queue | 1 | |
| Right click | 261 | |
| Select / deselect | 167 | |
| Select group hotkey | 73 | |
| Use ability | 56 | |
691 total
» units
» buildings
| Altar of Elders | 1 | |
| Ancient of War | 1 | |
| Moon Well | 6 | |
| Hunter's Hall | 1 | |
| Ancient of Wonders | 1 | |
| Tree of Ages | 1 | |
| Ancient Protector | 6 | |
| Tree of Eternity | 1 | |
| Ancient of Wind | 1 | |
| Chimaera Roost | 2 | |
21 total
» build order
00:42 Altar of Elders
01:07 Ancient of War
01:17 Moon Well
01:26 Hunter's Hall
02:17 Moon Well
03:09 Ancient of Wonders
03:21 Moon Well
03:23 Moon Well
04:45 Moon Well
05:42 Tree of Ages
07:56 Ancient Protector
08:02 Ancient Protector
08:05 Ancient Protector
08:41 Ancient Protector
08:51 Ancient Protector
09:47 Ancient Protector
10:04 Moon Well
10:35 Tree of Eternity
10:45 Ancient of Wind
13:07 Chimaera Roost
14:31 Chimaera Roost
meatstick4u (
pink | 21 APM | 323 actions | 15:09)
2 Crypt Lord
1 Carrion Beetles
1 Spiked Carapace
» actions
| Basic commands | 7 | |
| Build / train | 31 | |
| Enter build submenu | 17 | |
| Enter hero's abilities submenu | 2 | |
| Right click | 121 | |
| Select / deselect | 126 | |
| Use ability | 19 | |
323 total
» units
| Acolyte | 9 | |
| Ghoul | 6 | |
| Meatwagon | 2 | |
| Obsidian Statue | 1 | |
| Frost Wyrm | 5 | |
23 total
» upgrades
» buildings
| Ziggurat | 6 | |
| Altar of Darkness | 1 | |
| Crypt | 1 | |
| Graveyard | 1 | |
| Halls of the Dead | 1 | |
| Spirit Tower | 2 | |
| Slaughterhouse | 2 | |
| Tomb of Relics | 1 | |
| Black Citadel | 1 | |
| Sacrificial Pit | 1 | |
| Boneyard | 3 | |
20 total
» build order
00:09 Ziggurat
00:14 Altar of Darkness
00:20 Crypt
01:25 Graveyard
01:47 Ziggurat
02:42 Halls of the Dead
03:04 Spirit Tower
03:21 Spirit Tower
05:57 Slaughterhouse
06:29 Slaughterhouse
06:42 Tomb of Relics
07:54 Black Citadel
08:11 Ziggurat
09:31 Sacrificial Pit
10:23 Boneyard
10:35 Boneyard
10:55 Boneyard
11:25 Ziggurat
12:00 Ziggurat
12:04 Ziggurat
Chat log
(00:04 / All) TIMG4STRok: ?
(00:04 / All) Holy.Redemption: Go for it.
(00:10 / All) bLinn: quit child
(00:15 / All) Holy.Redemption: I'm always proud to have a fan club on the intranet.
(00:34 / All) bLinn: intranet is a local network..
(00:35 / All) CrimsonAng31: wow holy actually has friends
(00:48 / All) Holy.Redemption: Nice. There's the first jank.
(00:50 / All) iggy_the_fisk: nope we just pitty him enough to give him janks
(00:51 / All) Holy.Redemption: Keep going guys.
(00:58 / All) Holy.Redemption: Pitty :) My word.
(01:01 / All) TIMG4STRok: pitt, center of a fruit.
(01:02 / All) Holy.Redemption: I'm glad you're using it too.
(01:19 / All) CrimsonAng31: fiends stats frostys
(01:30 / All) bLinn: what a unique undead strat.
(01:36 / All) Holy.Redemption: =)
(02:31 / All) CrimsonAng31: good they like to tower and i like to hack
(02:33 / All) CrimsonAng31: YAY
(02:36 / All) Holy.Redemption: :)
(02:37 / All) CrimsonAng31: it all works out
(03:47 / All) bLinn: cancel
(03:58 / All) Holy.Redemption: Tp
(03:59 / All) Holy.Redemption: Good
(07:26 / All) iggy_the_fisk: sweet move
(10:19 / All) TIMG4STRok: lmao retard
(10:29 / All) Holy.Redemption: More please.
(12:17 / All) TIMG4STRok: DROP!
(13:11 / All) iggy_the_fisk: making a loss last as long as possible again i see
(13:18 / All) iggy_the_fisk: pretty embarrasing for u
(13:19 / All) Holy.Redemption: You know how I roll.
(13:25 / All) iggy_the_fisk: you knew exactly what we were doing
(13:27 / All) Holy.Redemption: Thanks.
(13:27 / All) iggy_the_fisk: still failed
(13:31 / All) Holy.Redemption: Yup.
(13:34 / All) Holy.Redemption: More janks please.
(13:37 / All) Holy.Redemption: That one is new. Good job.
(15:07 / All) TIMG4STRok: ROFL
(15:14 / All) Holy.Redemption: Hmmmm